 Dungeon Crawl Stone Soup version 0.21.1-1-g345015fe64 (webtiles) character file.

83908 Froggeryz the Impaler (level 15, -3/122 HPs)
             Began as a Merfolk Gladiator on May 7, 2018.
             Was the Champion of Okawaru.
             Slain by a shambling mangrove (29 damage)
             ... while paralysed by a hornet
             ... on level 3 of the Swamp on May 8, 2018.
             The game lasted 02:01:30 (28048 turns).

Froggeryz the Impaler (Merfolk Gladiator)          Turns: 28048, Time: 02:01:32

Health: -3/122     AC: 11    Str: 12    XL:     15   Next: 78%
Magic:  24/24      EV:  2    Int: 17    God:    Okawaru [******]
Gold:   1346       SH:  0    Dex: 27    Spells: 21/26 levels left

rFire    x . .     SeeInvis .   z - +4 glaive (vamp)
rCold    + . .     Gourm    .   (shield currently unavailable)
rNeg     + . .     Faith    .   E - +1 leather armour of Tomorrow {rF- rC+ Regen+ Stlth+}
rPois    +         Spirit   .   m - +1 helmet {Int+3}
rElec    +         Reflect  .   j - +2 cloak {MR+}
rCorr    .         Harm     .   (no gloves)
MR       +++..                  u - +1 pair of boots
Stlth    +++++.....             C - amulet of magic regeneration
HPRegen  0.70/turn              M - ring of the Salmon {Wiz rPois Dex+3}
MPRegen  0.44/turn              U - ring of Teixoeff {rElec rN+ MR+ Str-3 Dex+9}

@: paralysed, lethally poisoned (-3 -> -7), grasped by roots, very slow
A: change form in water, swift swim, stealthy swim
a: Heroism, Finesse, Renounce Religion


You were on level 3 of the Swamp.
You worshipped Okawaru.
Okawaru was exalted by your worship.
You were hungry.

You visited 5 branches of the dungeon, and saw 25 of its levels.
You also visited: Labyrinth, Sewer and Bailey.

You collected 2068 gold pieces.
You spent 722 gold pieces at shops.

Inventory:

Hand Weapons
 z - a +4 vampiric glaive (weapon)
 R - a +1 halberd of protection
 Z - the +2 trident "Litiddue" {drain, rPois Str-4 Dex+2}
   (Okawaru gifted it to you on level 12 of the Dungeon)

   A truly terrible weapon, it drains the life of those it strikes.
   It affects your strength (-4).
   It affects your dexterity (+2).
   It protects you from poison.
Missiles
 s - 14 javelins (quivered)
 X - 6 javelins of returning
Armour
 j - a +2 cloak of magic resistance (worn)
 m - a +1 helmet of intelligence (worn)
 u - a +1 pair of boots (worn)
 E - the +1 leather armour of Tomorrow (worn) {rF- rC+ Regen+ Stlth+}
   (You found it on level 6 of the Dungeon)

   It makes you vulnerable to fire.
   It protects you from cold.
   It increases your rate of regeneration.
   It makes you more stealthy.
Jewellery
 b - an uncursed ring of positive energy
 k - an uncursed ring of resist corrosion
 l - a +1 ring of slaying
 p - an uncursed ring of stealth
 q - an uncursed ring of wizardry
 y - an uncursed ring of protection from magic
 C - an amulet of magic regeneration (around neck)
 M - the ring of the Salmon (left hand) {Wiz rPois Dex+3}
   (You bought it in a shop on level 2 of the Orcish Mines)

   [ring of wizardry]

   It improves your spell success rate.
   It affects your dexterity (+3).
   It protects you from poison.
 T - an uncursed ring of protection from cold
 U - the ring of Teixoeff (right hand) {rElec rN+ MR+ Str-3 Dex+9}
   (You found it on level 2 of the Lair of Beasts)

   [ring of protection from magic]

   It affects your strength (-3).
   It affects your dexterity (+9).
   It insulates you from electricity.
   It protects you from negative energy.
   It affects your resistance to hostile enchantments.
Wands
 r - a wand of acid (7)
 t - a wand of iceblast (17)
 x - a wand of polymorph (32)
 D - a wand of paralysis (23)
 G - a wand of flame (23)
 K - a wand of digging (9)
 O - a wand of scattershot (4)
 P - a wand of clouds (11)
Scrolls
 h - 3 scrolls of amnesia
 n - 3 scrolls of fear
 o - 9 scrolls of remove curse
 w - 11 scrolls of identify
 A - 2 scrolls of holy word
 L - a scroll of fog
 N - 4 scrolls of enchant armour
 Y - 2 scrolls of enchant weapon
Potions
 a - 7 potions of curing
 e - 2 potions of haste
 g - 2 potions of brilliance
 i - 2 potions of ambrosia
 I - 3 potions of agility
 J - a potion of resistance
 V - a potion of cancellation
 W - a potion of might
Books
 c - a book of Party Tricks

   Spells                             Type                      Level
   a - Summon Butterflies             Summoning                    1
   b - Apportation                    Translocation                1
   c - Lesser Beckoning               Translocation                3
   d - Tukima's Dance                 Hexes                        3
   e - Alistair's Intoxication        Transmutation/Poison         5
   f - Invisibility                   Hexes                        6
 d - a book of Fire

   Spells                             Type                      Level
   a - Ignite Poison                  Fire/Transmutation/Poison    3
   b - Fireball                       Conjuration/Fire             5
   c - Bolt of Fire                   Conjuration/Fire             6
   d - Ring of Flames                 Charms/Fire                  7
   e - Ignition                       Fire                         8
 v - a book of Air

   Spells                             Type                      Level
   a - Shock                          Conjuration/Air              1
   b - Swiftness                      Charms/Air                   2
   c - Static Discharge               Conjuration/Air              3
   d - Airstrike                      Air                          4
   e - Lightning Bolt                 Conjuration/Air              5
 B - a book of Necromancy

   Spells                             Type                      Level
   a - Pain                           Necromancy                   1
   b - Animate Skeleton               Necromancy                   1
   c - Vampiric Draining              Necromancy                   3
   d - Regeneration                   Charms/Necromancy            3
   e - Animate Dead                   Necromancy                   4
   f - Borgnjor's Vile Clutch         Necromancy/Earth             5
 F - Paohixus's Incunabulum of Evil and Heat
   (You found it in a labyrinth)

   Spells                             Type                      Level
   a - Throw Flame                    Conjuration/Fire             2
   b - Fireball                       Conjuration/Fire             5
   c - Dispel Undead                  Necromancy                   5
   d - Simulacrum                     Ice/Necromancy               6
 H - a book of Conjurations

   Spells                             Type                      Level
   a - Magic Dart                     Conjuration                  1
   b - Searing Ray                    Conjuration                  2
   c - Dazzling Spray                 Conjuration/Hexes            3
   d - Fulminant Prism                Conjuration/Hexes            4
   e - Force Lance                    Conjuration/Translocation    4
   f - Iskenderun's Mystic Blast      Conjuration                  4
 S - a Young Poisoner's Handbook

   Spells                             Type                      Level
   a - Sting                          Conjuration/Poison           1
   b - Poisonous Vapours              Poison/Air                   2
   c - Mephitic Cloud                 Conjuration/Poison/Air       3
   d - Olgreb's Toxic Radiance        Poison                       4
   e - Venom Bolt                     Conjuration/Poison           5
Comestibles
 f - 42 rations


   Skills:
 + Level 12.6 Fighting
 - Level 20.0 Polearms
 - Level 2.0 Throwing
 + Level 12.8 Dodging
 - Level 5.7 Stealth
   Level 9.5 Shields
 - Level 6.0 Spellcasting
 - Level 6.2 Conjurations
 + Level 2.2 Translocations
 - Level 5.4 Air Magic
 - Level 7.1 Poison Magic
 - Level 5.0 Invocations


You had 21 spell levels left.
You knew the following spells:

 Your Spells              Type           Power        Failure   Level  Hunger
a - Sting                 Conj/Pois      ####         1%          1    None
b - Mephitic Cloud        Conj/Pois/Air  ####....     1%          3    ##.....
c - Apportation           Tloc           ##....       2%          1    None


Dungeon Overview and Level Annotations

Branches:
Dungeon (13/15)            Temple (1/1) D:4            Lair (6/6) D:9
  Swamp (3/4) Lair:2        Snake (0/4) Lair:3        Slime (0/5) Lair:6
    Orc (2/2) D:11            Elf (0/3) Orc:2
 Vaults: D:13-14

Altars:
Ashenzari
Cheibriados
Dithmenos
Elyvilon
Fedhas
Gozag
Hepliaklqana
Kikubaaqudgha
Makhleb
Nemelex Xobeh
Okawaru
Qazlal
Ru
Sif Muna
Trog
Uskayaw
Vehumet
Wu Jian
Xom
Yredelemnul
Zin
The Shining One
Jiyva

Shops:
Orc:2 =*=?

Annotations:
D:9 exclusion: oklob plant
Lair:2 Harold
Lair:6 1 runed door
Swamp:3 exclusion: 2 oklob plants


Message History

You feel sick. The hornet barely misses you. The hornet misses you.
The hornet barely misses you. The shambling mangrove hits you!
The hornet misses you. The hornet closely misses you. The hornet stings you.
You suddenly lose the ability to move!
You feel yourself speed up.
You are feeling hungry.
You feel sick.
The hornet stings you but does no damage.
The hornet stings you.
You are more poisoned.
You shrug off the repeated paralysis!
The hornet stings you! The shambling mangrove hits you. The hornet stings you.
You feel sick. The hornet stings you.
You shrug off the repeated paralysis!
The hornet stings you!
* * * LOW HITPOINT WARNING * * *
The hornet stings you.
* * * LOW HITPOINT WARNING * * *
The hornet stings you but does no damage.
The shambling mangrove hits you!!
You die...

....♣♣P.P...≈..P.≈≈≈P...♣..PP.P
§...§♣♣PP...♣..≈≈.P.≈≈..♣PP.PP♣
≈≈..♣.♣PP.P≈...≈...f.≈...♣.P..
≈≈§≈≈♣♣♣...♣..≈..♣♣♣..≈..♣...♣
≈≈.≈≈≈.♣.P.♣..≈..♣ ♣..≈..PP.P♣
≈≈≈≈≈≈.♣♣♣.♣..≈.∩♣♣♣..≈..PP♣♣♣
≈≈≈.≈..♣.♣.§P..≈.....≈...♣P♣
≈≈........♣.≈..yfy..≈§..♣.♣.P
≈....♣♣.P♣♣.♣...@y≈≈.P..♣.♣♣♣♣
≈≈≈..♣♣♣♣♣...≈..P......♣.P.♣
..♣.♣♣ ♣♣P..♣≈.....♣≈...P♣
...♣♣♣♣♣ ♣.PP..P♣≈≈♣≈......♣
...≈♣≈≈♣♣♣.P......♣........♣
≈≈≈≈≈.≈≈≈♣...P..♣♣.♣♣....P.♣
≈≈≈≈≈.≈.♣♣♣:PP♣♣♣..♣♣♣♣.P.♣♣
≈≈≈.♣♣..♣.♣♣♣♣♣♣♣♣..♣ ♣♣♣♣♣
...♣.♣♣.≈.♣ ♣♣.♣..♣♣♣♣


You could see a shambling mangrove and 3 hornets.

Vanquished Creatures
  Rupert (Lair:4)
  Gastronok (Lair:1)
  3 thorn hunters
  An orc warlord (Orc:2)
  The ghost of VanClaymore the Grappler, a journeyman TrMo of Elyvilon (D:13)
  A minotaur (Lab)
  Josephine (D:10)
  Fannar (D:11)
  2 hydras (Swamp:3)
  Erolcha (Orc:1)
  3 catoblepae (Lair:6)
  A two-headed ogre (Orc:2)
  A centaur warrior (D:13)
  5 alligators
  5 death yaks
  Urug (Lair:2)
  3 orc high priests (Orc:2)
  A spriggan (Swamp:2)
  An unseen horror (D:11)
  A wizard (D:11)
  2 shambling mangroves
  9 orc sorcerers
  2 ugly things
  9 orc knights
  2 cyclopes (D:12)
  3 manticores
  Maurice (Orc:2)
  5 black mambas
  A torpor snail (Lair:3)
  16 spiny frogs
  An efreet (D:13)
  5 rime drakes
  3 komodo dragons
  A queen bee (D:9)
  4 hornets
  5 tyrant leeches
  9 trolls
  8 slime creatures
  3 polar bears
  5 bog bodies
  15 blink frogs
  8 hippogriffs
  A shadow (D:11)
  39 yaks
  5 wraiths (D:10)
  A wyvern (Lair:5)
  Grum (Lair:1)
  2 basilisks
  12 swamp worms
  2 hungry ghosts
  6 insubstantial wisps
  Menkaure (D:7)
  2 wargs (Orc:2)
  9 vampire mosquitoes (Swamp:2)
  A soldier ant (D:11)
  4 swamp drakes
  8 porcupines
  11 water moccasins
  32 orc warriors
  A sky beast (D:9)
  Purgy (Sewer)
  4 ice beasts
  A phantom (D:9)
  2 black bears
  9 ogres
  4 boggarts (Lair:6)
  5 wolves
  8 crocodiles
  11 centaurs
  3 big kobolds
  The ghost of waaargh the Charlatan, an amateur DEAr (D:3)
  10 bullfrogs
  4 scorpions
  A water moccasin skeleton (D:6)
  18 killer bees
  4 howler monkeys
  12 wights
  7 electric eels
  4 crimson imps
  3 jellies
  A centaur zombie (D:5)
  10 hounds
  2 quasits
  3 bullfrog zombies
  A centaur skeleton (D:7)
  20 orc priests
  25 orc wizards
  3 bullfrog skeletons
  2 iguanas
  7 worker ants
  2 hound skeletons
  10 gnolls
  12 adders
  5 shadow imps
  2 oozes
  An adder skeleton (D:3)
  An adder zombie (D:5)
  4 worms
  A dart slug (D:1)
  12 leopard geckos
  97 orcs
  8 giant cockroaches
  17 goblins
  11 hobgoblins
  4 jackals
  2 quokkas
  3 ball pythons
  4 bats
  7 frilled lizards
  A jackal skeleton (D:6)
  30 kobolds
  A leopard gecko skeleton (D:7)
  6 rats
  4 briar patches (Swamp:3)
  A fungus (Swamp:3)
  4 plants (D:5)
726 creatures vanquished.

Vanquished Creatures (others)
  3 orcs
  A quokka (D:9)
  14 fungi
  15 plants
33 creatures vanquished.

Grand Total: 759 creatures vanquished

Notes
Turn   | Place    | Note
-------+----------+-------------------------------------------
     0 | D:1      | Froggeryz the Merfolk Gladiator began the quest for the Orb.
     0 | D:1      | Reached XP level 1. HP: 16/16 MP: 1/1
    74 | D:1      | Reached skill level 5 in Polearms
    77 | D:1      | Reached XP level 2. HP: 18/22 MP: 2/2
   310 | D:1      | Reached skill level 6 in Polearms
   310 | D:1      | Reached XP level 3. HP: 27/27 MP: 3/3
   666 | D:2      | Found a blossoming altar of Fedhas.
   923 | D:2      | Reached skill level 7 in Polearms
   923 | D:2      | Reached XP level 4. HP: 10/33 MP: 4/4
  1063 | D:3      | Found a glowing drain.
  1106 | Sewer    | Entered a sewer
  1346 | Sewer    | Noticed Purgy
  1386 | Sewer    | Killed Purgy
  1386 | Sewer    | Reached skill level 8 in Polearms
  1386 | Sewer    | Reached XP level 5. HP: 37/38 MP: 5/5
  1513 | D:3      | Reached skill level 9 in Polearms
  1623 | D:3      | Reached XP level 6. HP: 44/44 MP: 6/6
  1767 | D:3      | Noticed waaargh's ghost (amateur DEAr)
  1784 | D:3      | Killed waaargh's ghost
  1784 | D:3      | Reached skill level 10 in Polearms
  2247 | D:4      | Noticed a phantom
  2495 | D:4      | Found a staircase to the Ecumenical Temple.
  2516 | D:4      | Reached XP level 7. HP: 43/50 MP: 7/7
  2533 | Temple   | Entered the Ecumenical Temple
  2767 | D:4      | Reached skill level 11 in Polearms
  2820 | D:4      | Found a shadowy altar of Dithmenos.
  3424 | D:5      | Entered Level 5 of the Dungeon
  3491 | D:5      | Reached skill level 1 in Shields
  4085 | D:5      | Got an ancient whip
  4111 | D:5      | Reached XP level 8. HP: 44/60 MP: 8/8
  4549 | D:6      | Got a warped leather armour
  4550 | D:6      | Identified the +1 leather armour of Tomorrow {rF- rC+ Regen+ Stlth+} (You found it on level 6 of the Dungeon)
  4575 | D:6      | Found a blossoming altar of Fedhas.
  4612 | D:6      | Found an ancient bone altar of Kikubaaqudgha.
  4838 | D:6      | Reached skill level 5 in Fighting
  5034 | D:6      | Reached skill level 12 in Polearms
  5042 | D:6      | Found a radiant altar of Vehumet.
  5082 | D:6      | Found a sacrificial altar of Ru.
  5088 | D:6      | Found a burning altar of Makhleb.
  5089 | D:6      | Found a shattered altar of Ashenzari.
  5089 | D:6      | Found a glowing golden altar of the Shining One.
  5089 | D:6      | Found a glowing silver altar of Zin.
  5090 | D:6      | Found a basalt altar of Yredelemnul.
  5317 | D:7      | Identified the +10 whip "Dragonbane" {holy, rN+ MR- Int+4} (You found it on level 5 of the Dungeon)
  5447 | D:7      | Noticed Menkaure
  5459 | D:7      | Killed Menkaure
  5637 | D:7      | Reached XP level 9. HP: 25/70 MP: 9/9
  5990 | D:7      | Reached skill level 5 in Shields
  6286 | D:7      | Found a radiant altar of Vehumet.
  6710 | D:8      | Found an opulent altar of Gozag.
  6795 | D:8      | Noticed a two-headed ogre
  6851 | D:8      | Noticed a two-headed ogre
  6896 | D:9      | HP: 3/72 [electric eel/bolt of electricity (13)]
  7417 | D:9      | Found a staircase to the Lair.
  7418 | D:9      | Noticed a troll
  7459 | D:9      | Noticed an oklob plant
  7510 | D:9      | Found an iron altar of Okawaru.
  7520 | D:9      | Found a flagged portal.
  7532 | Bailey   | Entered a bailey
  7539 | Bailey   | Reached skill level 13 in Polearms
  7768 | Bailey   | Noticed an orc knight
  7777 | Bailey   | Noticed an orc sorcerer
  7777 | Bailey   | Noticed an orc sorcerer
  7830 | Bailey   | Noticed an orc knight
  7855 | Bailey   | Killed an orc knight
  7855 | Bailey   | Reached XP level 10. HP: 80/80 MP: 10/10
  7942 | Bailey   | Noticed an orc knight
  8417 | Bailey   | Killed an orc knight
  8417 | Bailey   | Reached skill level 5 in Stealth
  8424 | Bailey   | Killed an orc sorcerer
  8457 | Bailey   | Noticed a sun demon
  8598 | Bailey   | Noticed a sixfirhy
  8608 | Bailey   | Killed an orc sorcerer
  8608 | Bailey   | Reached skill level 5 in Dodging
  8624 | Bailey   | Killed an orc knight
  8691 | Bailey   | Found an iron altar of Okawaru.
  8727 | Bailey   | Became a worshipper of Warmaster Okawaru
  9030 | D:10     | Entered Level 10 of the Dungeon
  9195 | D:9      | Reached * piety under Okawaru
  9195 | D:9      | Reached XP level 11. HP: 57/86 MP: 9/11
  9231 | D:9      | Found an iron altar of Okawaru.
  9605 | D:9      | Found a white marble altar of Elyvilon.
  9900 | Lair:1   | Entered Level 1 of the Lair of Beasts
  9900 | Lair:1   | Noticed Grum
  9998 | Lair:1   | Killed Grum
 10265 | Lair:1   | Noticed Gastronok
 10335 | Lair:1   | Killed Gastronok
 10335 | Lair:1   | Reached ** piety under Okawaru
 10335 | Lair:1   | Reached skill level 10 in Dodging
 10618 | Lair:1   | Learned a level 1 spell: Sting
 10807 | Lair:2   | Found a staircase to the Swamp.
 10869 | Lair:2   | Got a clouded glass ring
 10889 | Lair:2   | Reached skill level 14 in Polearms
 10902 | Lair:2   | Reached skill level 1 in Spellcasting
 10902 | Lair:2   | Reached skill level 1 in Conjurations
 10933 | Lair:2   | Noticed Urug
 10975 | Lair:2   | Killed Urug
 10979 | Lair:2   | Reached *** piety under Okawaru
 11314 | Lair:2   | Noticed Harold
 11474 | Lair:2   | Noticed an eight-headed hydra
 11789 | Lair:2   | Identified the ring of Teixoeff {rElec rN+ MR+ Str-3 Dex+9} (You found it on level 2 of the Lair of Beasts)
 11987 | Lair:3   | Reached **** piety under Okawaru
 11987 | Lair:3   | Reached skill level 15 in Polearms
 12102 | Lair:3   | Reached XP level 12. HP: 79/92 MP: 13/16
 12160 | Lair:3   | Found a staircase to the Snake Pit.
 12374 | Lair:3   | Reached skill level 1 in Poison Magic
 12392 | Lair:3   | Received a gift from Okawaru
 12591 | Lair:3   | Found a blossoming altar of Fedhas.
 12609 | Lair:3   | Noticed an eight-headed hydra
 12759 | Lair:4   | Reached ***** piety under Okawaru
 12759 | Lair:4   | Reached skill level 16 in Polearms
 12835 | Lair:4   | Noticed a six-headed hydra
 12882 | Lair:4   | Noticed a seven-headed hydra
 13296 | Lair:5   | Received a gift from Okawaru
 13299 | Lair:5   | Got a faintly glowing demon blade {god gift}
 13300 | Lair:5   | Identified the +4 demon blade of Painful Death {freeze, rN+} (Okawaru gifted it to you on level 5 of the Lair of Beasts)
 13418 | Lair:5   | Found a shimmering altar of Xom.
 13474 | Lair:5   | Learned a level 3 spell: Mephitic Cloud
 13597 | Lair:5   | Reached skill level 5 in Poison Magic
 13636 | Lair:5   | Reached skill level 1 in Air Magic
 14199 | Lair:6   | Entered Level 6 of the Lair of Beasts
 14213 | Lair:6   | Reached skill level 5 in Conjurations
 14296 | Lair:6   | Reached XP level 13. HP: 76/101 MP: 13/17
 14568 | Lair:6   | Found a runed door.
 14568 | Lair:6   | Found a viscous altar of Jiyva.
 14581 | Lair:6   | Found a staircase to the Slime Pits.
 14738 | Lair:6   | Received a gift from Okawaru
 15371 | Lair:5   | Reached skill level 10 in Fighting
 16049 | Lair:6   | Reached skill level 5 in Air Magic
 16903 | Lair:4   | Noticed Rupert
 16948 | Lair:4   | HP: 3/104 [blink frog (17)]
 16954 | Lair:5   | HP: 5/104 [poisoned by a spiny frog]
 17149 | Lair:4   | Reached skill level 1 in Invocations
 17234 | Lair:4   | Killed Rupert
 17234 | Lair:4   | Reached ****** piety under Okawaru
 17639 | D:10     | Noticed Josephine
 17650 | D:10     | Reached XP level 14. HP: 111/111 MP: 20/20
 17704 | D:10     | Killed Josephine
 17704 | D:10     | Received a gift from Okawaru
 18194 | D:11     | Found a staircase to the Orcish Mines.
 18464 | D:11     | Reached skill level 5 in Spellcasting
 18750 | D:11     | Noticed Fannar
 18799 | D:11     | Killed Fannar
 19189 | D:11     | Reached skill level 5 in Invocations
 19342 | D:12     | Received a gift from Okawaru
 19343 | D:12     | Got a dazzling trident {god gift}
 19386 | D:11     | Identified the +2 trident "Litiddue" {drain, rPois Str-4 Dex+2} (Okawaru gifted it to you on level 12 of the Dungeon)
 19725 | Orc:1    | Entered Level 1 of the Orcish Mines
 20023 | Orc:1    | Reached skill level 17 in Polearms
 20226 | Orc:2    | Entered Level 2 of the Orcish Mines
 20231 | Orc:2    | Noticed an orc warlord
 20270 | Orc:2    | Noticed Erolcha
 20342 | Orc:2    | Found a labyrinth entrance.
 20353 | Lab      | Entered a labyrinth
 21416 | Lab      | Identified Paohixus's Incunabulum of Evil and Heat
 21440 | Orc:2    | Found a staircase to the Elven Halls.
 21475 | Orc:2    | Found Weexzuq's Magic Scroll Shoppe.
 21523 | Orc:2    | Noticed Maurice
 21828 | Orc:1    | Killed Erolcha
 21963 | Orc:1    | Reached skill level 18 in Polearms
 22029 | Orc:2    | Killed Maurice
 22381 | Orc:2    | Received a gift from Okawaru
 22590 | Orc:2    | Reached skill level 19 in Polearms
 22606 | Orc:2    | Found Hysinoupn's Jewellery Shoppe.
 22634 | Orc:2    | Found Johoggybia's General Store.
 22639 | Orc:2    | Found Kiecza's Jewellery Boutique.
 22649 | Orc:2    | Bought a scroll of holy word for 105 gold pieces
 22714 | Orc:2    | Killed an orc warlord
 22724 | Orc:2    | Reached XP level 15. HP: 86/118 MP: 24/24
 23198 | Swamp:1  | Entered Level 1 of the Swamp
 23590 | Swamp:1  | Reached skill level 20 in Polearms
 24166 | Swamp:2  | Noticed a thorn hunter
 24183 | Swamp:2  | Killed a thorn hunter
 24426 | Swamp:2  | You fall through a shaft!
 24872 | Orc:2    | Bought the ring of the Salmon {Wiz rPois Dex+3} for 617 gold pieces
 25217 | D:13     | Noticed VanClaymore's ghost (journeyman TrMo)
 25235 | D:13     | Killed VanClaymore's ghost
 25822 | Swamp:2  | Received a gift from Okawaru
 26821 | Swamp:3  | Paralysed by a hornet for 2 turns
 26859 | Swamp:3  | Learned a level 1 spell: Apportation
 27094 | Swamp:3  | Reached skill level 1 in Translocations
 27097 | Swamp:3  | Noticed a thorn hunter
 27451 | Swamp:3  | Killed a thorn hunter
 27643 | Swamp:3  | Noticed a thorn hunter
 27730 | Swamp:2  | Killed a thorn hunter
 28046 | Swamp:3  | Paralysed by a hornet for 3 turns
 28048 | Swamp:3  | Slain by a shambling mangrove

Skill      XL: |  1  2  3  4  5  6  7  8  9 10 11 12 13 14 15 |
---------------+----------------------------------------------+-----
Polearms       | 5 6 7 8 9 10 11 12 13 15 16 19 20 | 20.0
Fighting       | 4 6 8 9 10 11 12 | 12.6
Shields        | 2 4 7 9 |  9.5
Stealth        | 3 5 |  5.7
Dodging        | 8 10 12 | 12.8
Spellcasting   | 2 3 4 6 |  6.0
Conjurations   | 2 5 6 |  6.2
Poison Magic   | 5 7 |  7.1
Air Magic      | 2 5 |  5.4
Invocations    | 3 5 |  5.0
Translocations | 2 |  2.2
Throwing       | |  2.0

Action                   |  1- 3 |  4- 6 |  7- 9 | 10-12 | 13-15 || total
-------------------------+-------+-------+-------+-------+-------++-------
Melee: Trident           |    94 |   168 |   594 |   430 |    21 ||  1307
       Tailslap          |       |       |       |    10 |    31 ||    41
       Halberd           |       |       |       |   591 |  1282 ||  1873
       Glaive            |       |       |       |       |   739 ||   739
 Fire: Blowgun           |       |       |       |    18 |       ||    18
Throw: Throwing net      |       |     3 |       |       |     1 ||     4
       Javelin           |       |     4 |    25 |    12 |    15 ||    56
 Cast: Sting             |       |       |       |     6 |     9 ||    15
       Mephitic Cloud    |       |       |       |       |    16 ||    16
Invok: Heroism           |       |       |       |       |     1 ||     1
Evoke: Wand              |       |       |    13 |    25 |    12 ||    50
  Use: Scroll            |       |    10 |     6 |     8 |    25 ||    49
       Potion            |       |     1 |     9 |     6 |     9 ||    25
 Stab: Sleeping          |       |     2 |     2 |    26 |    29 ||    59
       Distracted        |       |     1 |       |     3 |    14 ||    18
       Held in net/web   |       |     2 |       |       |       ||     2
       Paralysed         |       |       |       |     4 |       ||     4
       Petrified         |       |       |       |       |     2 ||     2
       Confused          |       |       |       |       |     4 ||     4
  Eat: Chunk             |       |     4 |    12 |    12 |    28 ||    56
       Ration            |       |       |     3 |     2 |    10 ||    15
Armor: Leather armour    |     7 |    16 |    51 |   105 |   277 ||   456
       Skin              |       |       |    14 |     4 |     3 ||    21
Dodge: Dodged            |    37 |    62 |   220 |   532 |  1262 ||  2113
